 Dungeon Crawl Stone Soup version 0.30-a0-743-gbfdf073431 (webtiles) character file.

Game seed: 1845305825628671756

1155 BRD the Gusty (level 8, 0/52 HPs)
             Began as a Human Wanderer on Feb 5, 2023.
             Was a Follower of Cheibriados.
             Slain by a wight
             ... wielding a +4 short sword
              (12 damage)
             ... on level 6 of the Dungeon.
             The game lasted 00:28:20 (6824 turns).

BRD the Gusty (Human Wanderer)                      Turns: 6824, Time: 00:28:20

Health: 0/52       AC:  3    Str: 14    XL:     8   Next: 66%
Magic:  8/15       EV: 12    Int: 23    God:    Cheibriados [*.....]
Gold:   308        SH:  0    Dex: 15    Spells: 12/17 levels left

rFire   . . .      SeeInvis .    l - staff of conjuration
rCold   . . .      Faith    .    (no shield)
rNeg    . . .      Spirit   .    d - +0 robe
rPois   .          Reflect  .    (no helmet)
rElec   .          Harm     .    h - scarf {shadows}
rCorr   .          Rampage  .    (no gloves)
Will    +....                    b - +0 pair of boots
Stlth   ++                       (no amulet)
HPRegen 0.28/turn                A - ring of willpower
MPRegen 0.14/turn                p - +6 ring of intelligence

@: very slightly contaminated, studying Earth Magic, very slow
A: no striking features
a: Renounce Religion, Bend Time


You were on level 6 of the Dungeon.
You worshipped Cheibriados.
Cheibriados was aware of your devotion.
You visited 2 branches of the dungeon, and saw 7 of its levels.

You collected 308 gold pieces.

Inventory:

Hand Weapons
 z - a +1 flail of protection
Missiles
 s - 7 poisoned darts
Armour
 b - a +0 pair of boots (worn)
 d - a +0 robe (worn)
 h - a scarf of shadows (worn)
Magical Staves
 l - a staff of conjuration (weapon)
Jewellery
 j - a +6 ring of strength
 m - a ring of protection from cold
 p - a +6 ring of intelligence (right hand)
 A - a ring of willpower (left hand)
 B - a ring of flight
Wands
 C - a wand of mindburst (10)
 F - a wand of paralysis (6)
Scrolls
 f - 4 scrolls of teleportation
 i - a scroll of magic mapping {unknown}
 k - 3 scrolls of fog {unknown}
 n - a scroll of vulnerability {unknown}
 o - 2 scrolls of immolation {unknown}
 q - a scroll of brand weapon {unknown}
 r - a scroll of fear {unknown}
 t - 3 scrolls of noise {unknown}
 v - 5 scrolls of identify {unknown}
 w - a scroll of enchant weapon {unknown}
 y - 2 scrolls of blinking {unknown}
Potions
 a - a potion of lignification {unknown}
 c - a potion of flight {unknown}
 e - a potion of curing
 g - 7 potions of heal wounds {unknown}
 u - a potion of might {unknown}
 x - 2 potions of magic {unknown}
 D - 2 potions of attraction {unknown}
 E - a potion of degeneration {unknown}


   Skills:
 - Level 2.0 Dodging
 - Level 2.0 Stealth
 - Level 5.0 Spellcasting
 + Level 5.7 Conjurations
 - Level 6.0 Air Magic
 - Level 1.0 Poison Magic
 - Level 2.0 Invocations


You had 12 spell levels left.
You knew the following spells:

 Your Spells              Type           Power      Damage    Failure   Level
a - Shock                 Conj/Air       100%       1d9       1%          1
b - Poisonous Vapours     Pois/Air       42%        N/A       3%          2
c - Cigotuvi's Dreadful   Necr/Pois/Air  32%        N/A       5%          2

Your spell library contained the following spells:

 Spells                   Type           Power      Damage    Failure   Level
 Magic Dart               Conj           100%       1d8       1%          1
 Static Discharge         Conj/Air       98%        2-7/arc   1%          2
 Mephitic Cloud           Conj/Pois/Air  38%        N/A       4%          3
 Vhi's Electric Charge    Tloc/Air       38%        N/A       9%          3
 Call Imp                 Summ           5%         N/A       14%         2
 Arcjolt                  Conj/Air       24%        1d34      24%         5
 Lightning Bolt           Conj/Air       24%        1d40      24%         5


Dungeon Overview and Level Annotations

Branches:
Dungeon (6/15)             Temple (1/1) D:4

Altars:
Ashenzari
Cheibriados
Dithmenos
Elyvilon
Fedhas
Hepliaklqana
Kikubaaqudgha
Makhleb
Nemelex Xobeh
Okawaru
Qazlal
Ru
Sif Muna
Trog
Uskayaw
Wu Jian
Xom
Yredelemnul
Zin
The Shining One

Shops:
D:1 =

Annotations:
D:4 1 runed translucent door, iskra's ghost, amateur HORe


Message History

You destroy the wight!
Cheibriados appreciates the change of pace.
The wight misses you.
Your life force feels restored.
Aiming: Shock (safe; 1% risk of failure)
Press: ? - help, Q - select action, (/) - cycle Shift-Dir - straight line You feel a surge of power!
That beam is likely to hit you.
Continue anyway? [Y]es or [N]o only, please.
That beam is likely to hit you.
Continue anyway? [Y]es or [N]o only, please.
That beam is likely to hit you.
Continue anyway?
Okay, then.
Unknown command.
Aiming: Shock (safe; 1% risk of failure)
Press: ? - help, Q - select action, (/) - cycle Shift-Dir - straight line, f - wight
Aim: a wight, wielding a +4 short sword and wearing a +0 robe (heavily damaged, 74% to hit)
You feel a surge of power!
You miscast Shock.
Nothing appears to happen.
The howler monkey skeleton closely misses you.
The wight hits you with a +4 short sword.
Aiming: Shock (safe; 1% risk of failure)
Press: ? - help, Q - select action, (/) - cycle Shift-Dir - straight line, f/p - wight
Aim: a wight, wielding a +4 short sword and wearing a +0 robe (heavily damaged, 74% to hit)
You feel a surge of power!
The zap misses the wight.
The howler monkey skeleton hits you.
* * * LOW HITPOINT WARNING * * *
The wight misses you.
Aiming: Shock (safe; 1% risk of failure)
Press: ? - help, Q - select action, (/) - cycle Shift-Dir - straight line, f/p - wight
Aim: a wight, wielding a +4 short sword and wearing a +0 robe (heavily damaged, 74% to hit)
You feel a surge of power!
The zap hits the wight.
The wight is heavily damaged.
The howler monkey skeleton hits you but does no damage.
The wight hits you with a +4 short sword!
* * * LOW HITPOINT WARNING * * *
Unknown command.
You feel better. The howler monkey skeleton hits you.
* * * LOW HITPOINT WARNING * * *
The wight hits you with a +4 short sword!
You die...

....##.## ..Z8..#######
................ ......
..).##.#................
....##.#.............#.# ####
..).##.#..........####.#+#...#
..................?..........#
....##.#..........###........#
#........).......Z...........#
................@z)..........#
.........############.........
.^<.........# #####.....
............# .....
............# ....
............# ....
....§8......# ...
..#..§.§....# #..P§§§######


You could see a wight and a howler monkey skeleton.

Vanquished Creatures
  Eustachio (D:5)
  A bullfrog (D:6)
  2 scorpions (D:4)
  5 wights (D:6)
  A bullfrog zombie (D:6)
  2 hounds (D:5)
  A gnoll bouda (D:5)
  A centaur skeleton (D:6)
  2 jellies
  2 iguanas
  An orc wizard (D:6)
  7 adders
  11 gnolls
  A shadow imp (D:4)
  3 ufetubi
  3 worms (D:2)
  3 dart slugs
  6 orcs
  5 endoplasms
  3 giant cockroaches
  8 goblins
  6 hobgoblins
  2 jackals (D:5)
  5 kobolds
  4 quokkas
  7 ball pythons
  6 bats
  2 frilled lizards (D:2)
  5 rats
106 creatures vanquished.

Vanquished Creatures (others)
  6 withered plants (D:6)
6 creatures vanquished.

Grand Total: 112 creatures vanquished

Notes
Turn   | Place    | Note
-------+----------+-------------------------------------------
     0 | D:1      | BRD the Human Wanderer began the quest for the Orb.
     0 | D:1      | BRD set off with the following items: a +0 club, a +0 pair
                  | of boots, a scroll of butterflies, a +0 robe, a potion of
                  | curing; and the following spell memorised: Shock; and the
                  | following spells available to memorise: Poisonous Vapours,
                  | Mephitic Cloud.
     0 | D:1      | Reached XP level 1. HP: 13/13 MP: 2/2
   256 | D:1      | Reached XP level 2. HP: 19/19 MP: 2/4
   500 | D:1      | Learned a level 2 spell: Poisonous Vapours
   613 | D:1      | Found Enisyc's Jewellery Shoppe.
   628 | D:1      | Reached XP level 3. HP: 18/24 MP: 6/6
  1673 | D:2      | Reached XP level 4. HP: 30/30 MP: 2/8
  1947 | D:2      | Reached skill level 4 in Air Magic
  2228 | D:2      | Reached XP level 5. HP: 35/35 MP: 6/9
  3638 | D:4      | Reached XP level 6. HP: 18/41 MP: 8/12
  3831 | D:4      | Reached skill level 5 in Air Magic
  3989 | D:4      | Found a runed translucent door.
  4006 | D:4      | Reached XP level 7. HP: 20/46 MP: 6/13
  4604 | D:4      | Found a staircase to the Ecumenical Temple.
  4608 | Temple   | Entered the Ecumenical Temple
  4609 | Temple   | Found a transporter.
  4609 | Temple   | Found a transporter.
  4611 | Temple   | Found a transporter.
  4611 | Temple   | Found a transporter.
  4647 | Temple   | Became a worshipper of Cheibriados the Contemplative
  4768 | D:4      | Noticed iskra's ghost (amateur HORe)
  4773 | D:5      | Entered Level 5 of the Dungeon
  4845 | D:5      | Reached skill level 6 in Air Magic
  4913 | D:5      | Learned a level 2 spell: Cigotuvi's Dreadful Rot
  5150 | D:5      | Found a glowing silver altar of Zin.
  5425 | D:5      | Found a shimmering altar of Xom.
  5575 | D:5      | Reached skill level 1 in Conjurations
  5575 | D:5      | Reached skill level 1 in Poison Magic
  5833 | D:5      | Found a glowing golden altar of the Shining One.
  6334 | D:5      | Noticed Eustachio
  6337 | D:5      | Killed Eustachio
  6338 | D:5      | Reached skill level 5 in Spellcasting
  6445 | D:6      | Reached XP level 8. HP: 52/52 MP: 8/15
  6585 | D:6      | Reached * piety under Cheibriados
  6636 | D:6      | Reached skill level 5 in Conjurations
  6824 | D:6      | Slain by a wight

Illustrated notes

Levels and vault maps discovered:
D:1:      scummos_arrival_checkerplants, layout_rooms, serial_shops,
          nicolae_shop_hallway_plus, hangedman_decor_points,
          chequers_serial_rivers_micro_c
D:2:      layout_basic, grunt_ministairs_12
D:3:      layout_rooms
D:4:      layout_loops_ring, temple_hall_moat, ebering_ghost_reflecting_pool,
          chequers_mini_garden
D:5:      layout_layer_cave, pf_just_have_faith, zin_academy,
          kennysheep_mini_moat, uniq_eustachio
D:6:      layout_basic, lemuel_crystal_altar, enter_ossuary_1, serial_undead,
          serial_undead_e, serial_undead_a, serial_undead_b, serial_undead_d
Temple:   hellmonk_temple_divided_pantheon

Skill      XL: |  1  2  3  4  5  6  7  8 |
---------------+-------------------------+-----
Spellcasting   | 2 3 4 5 |  5.0
Air Magic      | 4 5 6 |  6.0
Conjurations   | 2 5 |  5.7
Poison Magic   | 1 |  1.0
Dodging        | |  2.0
Stealth        | |  2.0
Invocations    | |  2.0

Action                     |  1- 3 |  4- 6 |  7- 9 || total
---------------------------+-------+-------+-------++-------
  Melee: Club              |    42 |       |       ||    42
         Staff             |    14 |    12 |       ||    26
         Punch             |     1 |       |       ||     1
         Flail             |       |    15 |     6 ||    21
   Cast: Shock             |    56 |   113 |   103 ||   272
  Evoke: Wand              |       |       |    10 ||    10
    Use: Scroll            |     1 |       |     2 ||     3
         Potion            |       |       |     1 ||     1
   Stab: Sleeping          |     2 |       |       ||     2
 Armour: Robe              |    15 |    22 |    10 ||    47
  Dodge: Dodged            |    39 |    69 |    34 ||   142

Table legend: (Time is in decaauts)
 A = Elapsed time spent in this place.
 B = Non-inter-level travel time spent in this place.
 C = Inter-level travel time spent in this place.
 D = Time resting spent in this place.
 E = Time spent auto-exploring this place.
 F = Levels seen in this place.
 G = Mean time per level.
                   A        B        C        D        E       F      G
               +--------+--------+--------+--------+--------+-----+--------+
         Total |   7294 |   7025 |    269 |   1546 |   4015 |   7 | 1042.0 |
       Dungeon |   7232 |   6974 |    258 |   1546 |   4009 |   6 | 1205.3 |
        Temple |     62 |     51 |     11 |      0 |      6 |   1 |   62.0 |
               +--------+--------+--------+--------+--------+-----+--------+

Top non-repeatable levels by time:
     D:5: 2029 daAuts
     D:2: 1848 daAuts
     D:4: 1166 daAuts
     D:3: 943 daAuts
     D:1: 808 daAuts
     D:6: 436 daAuts
  Temple: 62 daAuts
